 Dungeon Crawl Stone Soup version 0.28.0-47-ge53b351184 (webtiles) character file.

Game seed: 647052868654449471

968 Gabide the Demolition Human (level 8, -1/61 HPs)
             Began as a Human Monk on May 9, 2022.
             Was an Elder of Makhleb.
             Killed from afar by a white imp (5 damage)
             ... with a puff of frost
             ... on level 6 of the Dungeon.
             The game lasted 00:09:08 (6850 turns).

Gabide the Demolition Human (Human Monk)            Turns: 6850, Time: 00:09:08

Health: -1/61      AC:  7    Str: 14    XL:     8   Next: 38%
Magic:  12/12      EV: 12    Int: 10    God:    Makhleb [****..]
Gold:   247        SH:  0    Dex: 16    Spells: 7/7 levels left

rFire   . . .      SeeInvis .   q - +4 whip
rCold   . . .      Faith    .   (no shield)
rNeg    . . .      Spirit   .   d - +0 ring mail
rPois   +          Reflect  .   (no helmet)
rElec   .          Harm     .   s - +0 cloak
rCorr   .          Rampage  .   (no gloves)
Will    +....                   c - +0 pair of boots
Stlth   +.........              (no amulet)
HPRegen 0.20/turn               i - ring of poison resistance
MPRegen 0.13/turn               j - ring of willpower

@: no status effects
A: no striking features
a: Renounce Religion, Minor Destruction, Lesser Servant of Makhleb, Major
Destruction


You were on level 6 of the Dungeon.
You worshipped Makhleb.
Makhleb was greatly pleased with you.
You visited 1 branch of the dungeon, and saw 6 of its levels.

You collected 280 gold pieces.
You spent 33 gold pieces at shops.

Inventory:

Hand Weapons
 a - a +0 mace
 q - a +4 whip (weapon)
 v - a +1 vorpal flail
Armour
 c - a +0 pair of boots (worn)
 d - a +0 ring mail (worn)
 s - a +0 cloak (worn)
Jewellery
 i - a ring of poison resistance (left hand)
 j - a ring of willpower (right hand)
 m - a ring of see invisible
 u - a ring of resist corrosion
Wands
 r - a wand of polymorph (8)
 x - a wand of flame (19)
Scrolls
 e - 4 scrolls of teleportation
 f - a scroll of torment
 g - a scroll of blinking {unknown}
 h - 2 scrolls of fog
 l - a scroll of fear {unknown}
 n - a scroll of vulnerability {unknown}
 o - a scroll of holy word {unknown}
 p - a scroll of acquirement {unknown}
Potions
 b - 2 potions of curing
 k - a potion of mutation
 t - a potion of attraction {unknown}
 w - 2 potions of invisibility


   Skills:
 + Level 4.9 Fighting
 + Level 4.9 Maces & Flails
 - Level 3.0 Armour
 + Level 4.8 Dodging
 - Level 2.0 Stealth
 * Level 5.4 Invocations


You had 7 spell levels left.
You didn't know any spells.
Your spell library contained the following spells:

 Spells                   Type           Power      Damage    Failure   Level
 Corpse Rot               Necr/Air       0%         N/A       75%         2
 Poisonous Vapours        Pois/Air       0%         N/A       75%         2


Dungeon Overview and Level Annotations

Branches:
Dungeon (6/15)             Temple (0/1) D:4

Altars:
Fedhas
Makhleb
Trog

Shops:
D:2 ?

Annotations:
D:4 1 runed translucent door, jaiteiro's ghost, amateur GnCj
D:5 2 runed translucent doors


Message History

A demon appears!
The white imp completely misses you.
The orc wizard hits you with a +0 dagger.
* * * LOW HITPOINT WARNING * * *
You hear some strange, mumbled words.
A magic dart appears from out of thin air!
The magic dart hits you!
* * * LOW HITPOINT WARNING * * *
Okay, then.
Things that are here:
a +0 dagger; an orc corpse
Okay, then.
What are your orders? t - Shout!
Orders for allies: a - Attack new target. r - Retreat! s - Stop attacking. g - Guard the area. f - Follow me.
Anything else - Cancel.
Gang up on whom?
Press: ? - help, Dir - move target, f - orc wizard
Aim: an orc wizard, wielding a +0 dagger and wearing a +0 robe (moderately wounded) Attack!
The white imp gestures at you. The puff of frost misses you.
The orc wizard completely misses you.
Your hellwing hits the white imp but does no damage.
Your hellwing hits the white imp.
The orc wizard mumbles some strange words.
The orc wizard flickers and vanishes!
You hit the white imp.
The white imp is severely wounded.
The white imp hits you but does no damage.
You hit the white imp.
The white imp is severely wounded.
The white imp gestures at you.
The puff of frost hits you but does no damage.
You hit the white imp.
The white imp is almost dead.
Something hits your hellwing but does no damage.
The white imp gestures at you. The puff of frost hits you.
You die...

#....#...<# ......
#....#..###.......
###.............
##.......####...
#.......## ...
#.......#####.#
#........#.##.#
###........5{4#
###.......@#.)##
#..........#.4...#
#..###...............
.... ##..............
#.... ##.............
#.##. .....##........
.. .. ...............
.........##.....
........##


You could see a white imp (ally target) and a friendly hellwing (summoned).

Vanquished Creatures
  2 water moccasins
  An ice beast (D:5)
  2 phantoms (D:5)
  A howler monkey (D:6)
  A centaur zombie (D:5)
  A jelly (D:5)
  An iguana (D:5)
  2 gnolls (D:4)
  10 adders
  An ufetubus (D:4)
  4 worms (D:3)
  2 dart slugs
  6 orcs
  7 bats
  7 endoplasms
  6 giant cockroaches
  9 goblins
  9 hobgoblins
  3 quokkas
  10 ball pythons
  5 frilled lizards
  4 kobolds
  11 rats
105 creatures vanquished.

Vanquished Creatures (collateral kills)
  An orc warrior (D:4)
  A gnoll shaman (D:4)
  3 gnolls (D:4)
  An adder (D:4)
  A worm (D:2)
  A goblin (D:4)
  A quokka (D:4)
9 creatures vanquished.

Grand Total: 114 creatures vanquished

Notes
Turn   | Place    | Note
-------+----------+-------------------------------------------
     0 | D:1      | Gabide the Human Monk began the quest for the Orb.
     0 | D:1      | Reached XP level 1. HP: 18/18 MP: 1/1
   322 | D:1      | Reached XP level 2. HP: 21/24 MP: 2/2
   666 | D:1      | Found a faded altar of an unknown god.
   677 | D:1      | Prayed at the altar of an unknown god.
   677 | D:1      | Became a worshipper of Makhleb the Destroyer
   677 | D:1      | Reached * piety under Makhleb
   677 | D:1      | Reached ** piety under Makhleb
   769 | D:1      | Reached XP level 3. HP: 29/29 MP: 3/3
   774 | D:1      | Reached skill level 1 in Armour
   853 | D:1      | Reached *** piety under Makhleb
  1777 | D:2      | Reached skill level 1 in Invocations
  1881 | D:2      | Found Ecuexo Kaffy's Magic Scroll Emporium.
  1889 | D:2      | Bought a scroll of teleportation for 33 gold pieces
  1897 | D:2      | Reached XP level 4. HP: 17/35 MP: 4/4
  2939 | D:3      | Reached XP level 5. HP: 41/41 MP: 6/6
  3519 | D:3      | Reached **** piety under Makhleb
  3636 | D:3      | Noticed a moth of wrath
  3638 | D:3      | Found a bloodstained altar of Trog.
  3998 | D:4      | Reached skill level 2 in Invocations
  4075 | D:4      | Found a runed translucent door.
  4080 | D:4      | Noticed jaiteiro's ghost (amateur GnCj)
  4124 | D:4      | Noticed a water moccasin
  4125 | D:4      | Noticed an orc warrior
  4137 | D:4      | Killed a water moccasin
  4138 | D:4      | Reached XP level 6. HP: 20/48 MP: 6/8
  4150 | D:4      | HP: 2/48 [orc warrior/+0 halberd (3)]
  4190 | D:4      | Killed an orc warrior
  4191 | D:4      | Reached skill level 3 in Invocations
  4545 | D:4      | Found a staircase to the Ecumenical Temple.
  4732 | D:4      | Reached XP level 7. HP: 53/54 MP: 9/9
  5679 | D:5      | Entered Level 5 of the Dungeon
  5687 | D:5      | Noticed a water moccasin
  5695 | D:5      | Reached skill level 4 in Invocations
  5709 | D:5      | Killed a water moccasin
  6062 | D:5      | Reached XP level 8. HP: 61/61 MP: 11/11
  6130 | D:5      | Reached skill level 5 in Invocations
  6456 | D:5      | Found a blossoming altar of Fedhas.
  6501 | D:5      | Identified the +7 chain mail "Ruizxyo" {-Tele Harm Rampage
                  | Int-3}
  6511 | D:5      | Found a large runed translucent door.
  6512 | D:5      | Found a large runed translucent door.
  6844 | D:6      | HP: 3/61 [something/magic dart (7)]
  6850 | D:6      | Killed from afar by a white imp

Illustrated notes

Levels and vault maps discovered:
D:1:      dpeg_arrival_simpleton_a, layout_rooms, serial_curves, eino_curves_03,
          eino_curves_01, hellmonk_ecumenical_altar_inner_sanctum,
          minmay_tripent
D:2:      layout_loops_ring, serial_shops, shop, nrook_mini_vaults, hex_large,
          minmay_divided_ellipse
D:3:      wad_crossroads, layout_loops_ring, tgw_trog
D:4:      layout_loops_corners, minmay_temple_entry_trees,
          ebering_ghost_sewer_d, corner_web_ring, minmay_unequal
D:5:      layout_cave_pools, lemuel_doored_altar, jmf_multi_god_temple2,
          amcnicky_mini_rare_corridor_liquid
D:6:      layout_cave_pools, okawaru_altar_gauntlet_db, uniq_sigmund

Skill      XL: |  1  2  3  4  5  6  7  8 |
---------------+-------------------------+-----
Armour         | 1 2 3 |  3.0
Invocations    | 1 2 3 4 5 |  5.4
Fighting       | 4 |  4.9
Maces & Flails | 4 |  4.9
Dodging        | 4 |  4.8
Stealth        | |  2.0

Action                   |  1- 3 |  4- 6 |  7- 9 || total
-------------------------+-------+-------+-------++-------
Melee: Mace              |   123 |   132 |       ||   255
       Punch             |     2 |       |     3 ||     5
       Whip              |       |    54 |   141 ||   195
Invok: Minor Destruction |     2 |     3 |     2 ||     7
       Lesser Servant of |     1 |     2 |     2 ||     5
  Use: Scroll            |     1 |     4 |     1 ||     6
 Stab: Sleeping          |     1 |     2 |       ||     3
Armor: Ring mail         |    40 |    79 |    51 ||   170
       Robe              |     1 |       |       ||     1
Dodge: Dodged            |    65 |   133 |    88 ||   286
